 Dungeon Crawl Stone Soup version 0.30-a0-953-g5f1da4a474 (webtiles) character file.

Game seed: 10653339274064769689

90350 cforsyth the Warrior (level 16, -13/141 HPs)
             Began as a Formicid Fighter on Mar 28, 2023.
             Was the Champion of Ru.
             Mangled by an Ice Fiend (22 damage)
             ... in an ice cave.
             The game lasted 00:51:53 (37344 turns).

cforsyth the Warrior (Formicid Fighter)            Turns: 37344, Time: 00:51:54

Health: -13/141    AC: 25    Str: 32    XL:     16   Next: 46%
Magic:  14/14      EV:  9    Int:  8    God:    Ru [******]
Gold:   2910       SH:  0    Dex: 13    Spells: 15/15 levels left

rFire   + . .      SeeInvis +    B - +11 mace of the Shrike {freeze, Will+}
rCold   + . .      Faith    .    (no shield)
rNeg    . . .      Spirit   .    I - +1 chain mail {rPois}
rPois   +          Reflect  .    (helmet unavailable)
rElec   +          Rampage  .    r - +1 cloak
rCorr   +                        c - +2 pair of gloves {Str+3}
Will    ++...                    l - +0 pair of boots Stlth
                                 (no amulet)
HPRegen 0.43/turn                h - +4 ring of slaying
MPRegen 0.14/turn                D - +4 ring of protection

@: mighty, resistant
A: permanent stasis, dig shafts and tunnels, antennae 3, low MP 1, inability to
use devices, hated by all, inability to train dodging, no air magic, no hexes
magic, no translocations magic, four strong arms
a: Dig, Renounce Religion, Draw Out Power, Power Leap, Apocalypse


You were in an ice cave.
You worshipped Ru.
Ru was exalted by your worship.
You visited 4 branches of the dungeon, and saw 23 of its levels.
You also visited: Sewer and Ice Cave.

You collected 2910 gold pieces.

Inventory:

Hand Weapons
 a - a +0 flail
 B - the +11 mace of the Shrike (weapon) {freeze, Will+}
   (You found it on level 7 of the Dungeon)

   Will:      It increases your willpower.
 N - a +0 great mace
Armour
 c - a +2 pair of gloves of strength (worn)
 d - a +0 kite shield of protection
 l - a +0 pair of boots (worn)
 r - a +1 cloak (worn)
 x - a +0 pair of gloves
 H - a +0 plate armour
 I - a +1 chain mail of poison resistance (worn)
Jewellery
 f - a ring of willpower
 h - a +4 ring of slaying (left hand)
 w - a +4 ring of protection
 D - a +4 ring of protection (right hand)
 M - a +6 ring of dexterity
Scrolls
 b - 2 scrolls of enchant armour
 s - 4 scrolls of enchant weapon
 t - 6 scrolls of immolation
 y - 2 scrolls of magic mapping
 A - 4 scrolls of fog
 C - 3 scrolls of silence
 G - 5 scrolls of poison
Potions
 e - 5 potions of flight
 i - a potion of magic
 k - 9 potions of curing
 n - 2 potions of ambrosia
 o - 5 potions of mutation
 p - 5 potions of lignification
 q - 4 potions of brilliance
 z - 5 potions of might
 F - a potion of attraction
 J - a potion of cancellation


   Skills:
 - Level 17.3 Fighting
 - Level 15.8 Maces & Flails
 + Level 14.0 Armour
 + Level 16.4 Shields


You had 15 spell levels left.
You didn't know any spells.
Your spell library contained the following spells:

 Spells                   Type           Power      Damage    Failure   Level
 Foxfire                  Conj/Fire      0%         2x1d2     80%         1
 Freeze                   Ice            0%         1d3       80%         1
 Magic Dart               Conj           0%         1d3       80%         1
 Sting                    Tmut/Pois      0%         1d3       80%         1
 Passwall                 Tmut/Erth      0%         N/A       90%         2
 Searing Ray              Conj           0%         2d4       90%         2
 Sublimation of Blood     Necr           0%         N/A       90%         2
 Frozen Ramparts          Ice            0%         1d1       99%         3
 Hailstorm                Conj/Ice       0%         3d3       99%         3
 Spider Form              Tmut/Pois      0%         N/A       99%         3
 Stone Arrow              Conj/Erth      0%         3d7       99%         3
 Dispel Undead            Necr           0%         3d6       100%        4
 Ice Form                 Ice/Tmut       0%         N/A       100%        4
 Petrify                  Tmut/Erth      0%         N/A       100%        4
 Sticky Flame             Conj/Fire      0%         2d3       100%        4
 Agony                    Necr           0%         N/A       100%        5
 Blade Hands              Tmut           0%         N/A       100%        5
 Fireball                 Conj/Fire      0%         3d3       100%        5
 Irradiate                Conj/Tmut      0%         3d11      100%        5
 Starburst                Conj/Fire      0%         6d3       100%        6
 Lehudib's Crystal Spear  Conj/Erth      0%         10d2      100%        8
 Fire Storm               Conj/Fire      0%         5d1       100%        9
 Shatter                  Erth           0%         3d5*      100%        9
 Shock                    Conj/Air       Unusable   1d3       N/A         1
 Blink                    Tloc           Unusable   N/A       N/A         2
 Cigotuvi's Dreadful Rot  Necr/Pois/Air  Unusable   N/A       N/A         2
 Ensorcelled Hibernation  Hex/Ice        Unusable   N/A       N/A         2
 Lesser Beckoning         Tloc           Unusable   N/A       N/A         2
 Momentum Strike          Conj/Tloc      Unusable   3d8       N/A         2
 Dazzling Flash           Conj/Hex       Unusable   N/A       N/A         3
 Mephitic Cloud           Conj/Pois/Air  Unusable   N/A       N/A         3
 Portal Projectile        Hex/Tloc       Unusable   N/A       N/A         3
 Swiftness                Air            Unusable   N/A       N/A         3
 Tukima's Dance           Hex            Unusable   N/A       N/A         3
 Airstrike                Air            Unusable   2d(0-16)  N/A         4
 Animate Armour           Summ/Erth      Unusable   N/A       N/A         4
 Fulminant Prism          Conj/Hex       Unusable   3d5       N/A         4
 Summon Ice Beast         Ice/Summ       Unusable   N/A       N/A         4
 Silence                  Hex/Air        Unusable   N/A       N/A         5
 Death Channel            Necr           Unusable   N/A       N/A         6
 Chain Lightning          Conj/Air       Unusable   N/A       N/A         9

Dungeon Overview and Level Annotations

Branches:
Dungeon (15/15)            Temple (0/1) D:5            Lair (5/5) D:8
  Swamp (0/4) Lair:2       Spider (1/4) Lair:3        Slime (0/5) Lair:4
    Orc (2/2) D:12            Elf (0/3) Orc:2        Vaults (0/5) D:13
 Depths (0/4) D:15          Sewer (visited)           IceCv (1/1)

Altars:
Dithmenos
Elyvilon
Gozag
Kikubaaqudgha
Nemelex Xobeh
Qazlal
Ru
Sif Muna
Trog
Vehumet
The Shining One

Shops:
D:6 !   D:15 (   Orc:2 *((=(


Innate Abilities, Weirdness & Mutations

You cannot be hasted, slowed, berserked, paralysed or teleported.
You can dig through walls and to a lower floor.
You have a pair of large antennae on your head. (SInv)
Your magical capacity is low. (-10% MP)
You cannot study or use magical devices.
You are hated by all.
You cannot train Dodging skill.
You cannot study or cast Air magic.
You cannot study or cast Hexes magic.
You cannot study or cast Translocations magic.
Your four strong arms can wield two-handed weapons with a shield.


Message History

You redirect the Ice Fiend's attack!
The Ice Fiend closely misses you. The Ice Fiend claws you.
The Ice Fiend freezes you!!!
You barely miss the Ice Fiend.
The Ice Fiend is moderately wounded.
You hit the Ice Fiend but do no damage.
The Ice Fiend is moderately wounded.
The Ice Fiend claws you but does no damage.
The Ice Fiend claws you! The Ice Fiend freezes you!!
* * * LOW HITPOINT WARNING * * *
You feel much better.
The Ice Fiend begins to attack, but is stunned by your conviction!
You feel protected.
The Ice Fiend claws you but does no damage.
The Ice Fiend closely misses you.
You feel very mighty all of a sudden.
You redirect the Ice Fiend's attack!
The Ice Fiend gestures at itself.
The bolt of cold hits the Ice Fiend.
The Ice Fiend completely resists.
You thump the Ice Fiend!
The Ice Fiend is moderately wounded.
The Ice Fiend is stunned by your conviction and fails to attack.
You sock the Ice Fiend!
The Ice Fiend is heavily wounded.
You thump the Ice Fiend!
The Ice Fiend is severely wounded.
You redirect the Ice Fiend's attack!
The Ice Fiend claws you but does no damage. x2
You sock the Ice Fiend!
The Ice Fiend is severely wounded.
The Ice Fiend claws you. The Ice Fiend freezes you!! You resist.
* * * LOW HITPOINT WARNING * * *
The Ice Fiend barely misses you.
You hit the Ice Fiend.
The Ice Fiend is almost dead.
The Ice Fiend claws you but does no damage.
The Ice Fiend claws you!
* * * LOW HITPOINT WARNING * * *
The Ice Fiend freezes you!! You resist.
You die...

###.##..#
##....##
###...#####..##
#......######
#/..#...##
#.⌠.###..## #[..#
###.# ### #...#
##.# #.## ##..#
#..#
#..###########@##
#....##.####.1.#
#.#{.#1.#.##..##
##{#...#..#.#.#
#.###.##1..####
#~########.#
##{###≈≈≈###
#~{#≈≈≈≈≈#
##~~≈≈≈≈≈≈


You could see an Ice Fiend.

Vanquished Creatures
  Kirke (Lair:3)
  An ettin (Orc:2)
  A fire dragon (Lair:5)
  Josephine (D:15)
  9 hydras
  An ice dragon (D:15)
  The ghost of Darkkill the Fighter, a novice MiHu of Gozag (D:10)
  A two-headed ogre (D:9)
  4 death knights (D:13)
  3 tengu warriors
  4 boulder beetles
  4 centaur warriors
  3 orc high priests (Orc:2)
  Urug (Lair:3)
  A skyshark (Lair:5)
  A fire crab (Lair:5)
  Amaemon (Lair:3)
  4 skeletal warriors (D:13)
  A bog body (Lair:2)
  A necromancer (D:15)
  2 obsidian statues
  10 spriggan simulacra (IceCv)
  6 orc knights
  3 orc sorcerers
  9 ugly things
  5 manticores
  A wolf spider (D:15)
  5 cyclopes
  3 elephants (Lair:3)
  A guardian serpent (shapeshifter) (D:15)
  An ice statue (Spider:1)
  4 black mambas
  A demonic crawler (Lair:3)
  3 molten gargoyles (Lair:5)
  An orange demon (Lair:3)
  15 cane toads
  A gargoyle (D:13)
  12 komodo dragons
  2 rime drakes
  Maggie (Lair:1)
  2 unseen horrors (D:11)
  2 freezing wraiths (IceCv)
  A tengu conjurer (D:13)
  A komodo dragon (shapeshifter) (D:13)
  2 tormentors (D:13)
  An anaconda simulacrum (IceCv)
  11 ice devils (IceCv)
  4 trolls
  A meliai (D:13)
  A wind drake (shapeshifter) (D:13)
  A wolf spider simulacrum (D:15)
  5 blink frogs (Lair:3)
  A centaur simulacrum (D:13)
  A jumping spider (Lair:3)
  4 dream sheep (Lair:4)
  A culicivora (shapeshifter) (D:13)
  50 yaks
  2 shadows
  A culicivora (Spider:1)
  3 wyverns
  Sigmund (D:2)
  11 wraiths
  4 hogs (Lair:3)
  9 basilisks
  Grum (D:11)
  A golden eye (shapeshifter) (D:13)
  2 steam dragons
  8 minotaur simulacra (IceCv)
  A warg (D:15)
  6 redbacks (Lair:3)
  7 vampire mosquitoes
  10 water moccasins
  3 acid dragons
  5 hell hounds (Lair:5)
  21 orc warriors
  3 black bears
  6 ogres
  16 wolves
  3 alligator simulacra (IceCv)
  The ghost of browni3141 the Firebug, an amateur DsFE (D:3)
  5 centaurs
  2 phantoms
  6 deep troll simulacra (IceCv)
  11 bullfrogs
  3 scorpions
  4 wights
  12 killer bees
  2 lindwurm simulacra (IceCv)
  2 electric eels (D:11)
  6 howler monkeys
  5 lava snakes
  4 hounds
  Crazy Yiuf (D:3)
  3 jellies
  23 orc priests
  A sleepcap (D:5)
  Terence (D:2)
  3 iguanas
  25 orc wizards
  4 yak simulacra (D:15)
  6 hell rats (Lair:3)
  A sickly merfolk siren (Sewer)
  A malarious merfolk avatar (Sewer)
  3 polar bear simulacra (D:15)
  2 wolf simulacra (D:15)
  8 gnolls
  6 adders
  14 river rats
  A shadow imp (D:7)
  2 white imps (D:7)
  An ufetubus (D:5)
  2 worms
  13 dart slugs
  70 orcs
  6 bats
  4 endoplasms
  9 giant cockroaches
  17 goblins
  11 hobgoblins
  7 jackals
  12 quokkas
  9 ball pythons
  12 frilled lizards
  10 kobolds
  44 rats
  2 river rat simulacra (D:15)
  A spectral kobold (D:7)
741 creatures vanquished.

Vanquished Creatures (others)
  A fire dragon (D:15)
  A tengu warrior (D:14)
  A spriggan simulacrum (IceCv)
  A deep elf pyromancer (D:15)
  An orc sorcerer (Orc:2)
  A komodo dragon (Lair:5)
  An anaconda simulacrum (IceCv)
  A yak (Lair:5)
  An orc wizard (Orc:2)
  An orc (Orc:2)
  30 fungi
  42 plants
  2 toadstools (D:3)
84 creatures vanquished.

Grand Total: 825 creatures vanquished

Notes
Turn   | Place    | Note
-------+----------+-------------------------------------------
     0 | D:1      | cforsyth the Formicid Fighter began the quest for the Orb.
     0 | D:1      | Reached XP level 1. HP: 18/18 MP: 1/1
     4 | D:1      | Found a faded altar of an unknown god.
    95 | D:1      | Reached XP level 2. HP: 24/24 MP: 2/2
   227 | D:1      | Reached XP level 3. HP: 20/29 MP: 3/3
   473 | D:1      | Got the Cyclopedia of the Blaze and Accompaniment
   712 | D:2      | You fall into a shaft and drop 1 floor!
   747 | D:3      | Reached XP level 4. HP: 37/37 MP: 4/4
   894 | D:3      | Reached skill level 4 in Fighting
   928 | D:3      | Found a stormy altar of Qazlal.
   951 | D:3      | Found a sacrificial altar of Ru.
   970 | D:3      | Became a worshipper of Ru the Awakened
  1342 | D:2      | Noticed Terence
  1387 | D:3      | Reached XP level 5. HP: 38/42 MP: 5/5
  1618 | D:3      | Reached skill level 5 in Shields
  1749 | D:3      | Found a runed translucent door.
  1750 | D:3      | Noticed Crazy Yiuf
  1922 | D:3      | Found a runed translucent gate.
  1922 | D:3      | Found a runed translucent gate.
  1922 | D:3      | Found a runed translucent gate.
  1922 | D:3      | Noticed browni3141's ghost (amateur DsFE)
  2093 | D:3      | Killed Crazy Yiuf
  2106 | D:3      | Identified the +1 hammer of Hard Scrabble {heavy, Contam
                  | Int+2 Stlth+}
  2275 | D:4      | Noticed an ogre
  2307 | D:4      | Reached XP level 6. HP: 49/49 MP: 6/6
  2323 | D:4      | Killed an ogre
  2402 | D:4      | Found a white marble altar of Elyvilon.
  2459 | D:4      | Found a glowing drain.
  2470 | D:4      | Reached skill level 5 in Fighting
  2478 | Sewer    | Entered a sewer
  2488 | Sewer    | Reached XP level 7. HP: 45/56 MP: 7/7
  3343 | D:5      | Entered Level 5 of the Dungeon
  3421 | D:5      | Found a bloodstained altar of Trog.
  3421 | D:5      | Noticed a water moccasin
  3432 | D:5      | Killed a water moccasin
  3433 | D:5      | Reached skill level 6 in Fighting
  3436 | D:5      | Reached skill level 5 in Maces & Flails
  3530 | D:5      | Noticed a steam dragon
  3534 | D:5      | Reached XP level 8. HP: 57/64 MP: 8/8
  3713 | D:5      | Found a staircase to the Ecumenical Temple.
  3766 | D:5      | Found a sparkling altar of Nemelex Xobeh.
  3799 | D:5      | Found a glowing golden altar of the Shining One.
  3812 | D:5      | Reached skill level 7 in Fighting
  4232 | D:5      | Noticed a wraith
  4250 | D:5      | Killed a wraith
  4725 | D:6      | Reached skill level 8 in Fighting
  4725 | D:6      | Reached XP level 9. HP: 55/74 MP: 9/9
  4818 | D:6      | Found Vyuheny's Distillery.
  5113 | D:6      | Found a basalt altar of Yredelemnul.
  5148 | D:6      | Found a radiant altar of Vehumet.
  5154 | D:6      | Found an ancient bone altar of Kikubaaqudgha.
  5169 | D:6      | Found a shimmering blue altar of Sif Muna.
  5531 | D:6      | Gained mutation: You cannot train Dodging skill. [Ru
                  | sacrifice]
  5531 | D:6      | Reached * piety under Ru
  5692 | D:7      | Reached skill level 9 in Fighting
  5721 | D:7      | Identified the +11 mace of the Shrike {freeze, Will+}
  5823 | D:7      | Found an opulent altar of Gozag.
  5823 | D:7      | Found a blossoming altar of Fedhas.
  6138 | D:7      | Found a hazy altar of Hepliaklqana.
  6908 | D:2      | Killed Terence
  7300 | D:2      | Noticed Sigmund
  7303 | D:2      | Killed Sigmund
  7304 | D:2      | Reached skill level 10 in Fighting
  7304 | D:2      | Reached XP level 10. HP: 85/85 MP: 10/10
  7504 | D:3      | Killed browni3141's ghost
  8552 | D:8      | Gained mutation: You cannot study or cast Air magic. [Ru
                  | sacrifice]
  8552 | D:8      | Gained mutation: You cannot study or cast Hexes magic. [Ru
                  | sacrifice]
  8552 | D:8      | Gained mutation: You cannot study or cast Translocations
                  | magic. [Ru sacrifice]
  8552 | D:8      | Reached ** piety under Ru
  8708 | D:8      | Found a staircase to the Lair.
  8813 | D:8      | Reached skill level 11 in Fighting
  8969 | D:9      | Found a runed translucent door.
  9137 | D:9      | Reached skill level 10 in Maces & Flails
  9270 | D:9      | Found a runed translucent door.
  9297 | D:9      | Found a runed translucent door.
  9311 | D:9      | Found a runed translucent door.
  9491 | D:9      | Noticed a two-headed ogre
  9498 | D:9      | Killed a two-headed ogre
 10083 | D:9      | Noticed an obsidian statue
 10096 | D:10     | Entered Level 10 of the Dungeon
 10212 | D:10     | Reached skill level 12 in Fighting
 10212 | D:10     | Reached XP level 11. HP: 68/95 MP: 11/11
 10831 | D:10     | Found a runed translucent gate.
 10832 | D:10     | Found a runed translucent gate.
 11260 | D:10     | Gained mutation: You are hated by all. [Ru sacrifice]
 11260 | D:10     | Reached *** piety under Ru
 11260 | D:10     | Reached **** piety under Ru
 11549 | D:10     | Found a shadowy altar of Dithmenos.
 11577 | D:10     | Reached skill level 13 in Fighting
 11657 | D:10     | Found a runed translucent gate.
 11658 | D:10     | Noticed Darkkill's ghost (novice MiHu)
 12048 | D:11     | Noticed Grum
 12058 | D:11     | Killed Grum
 12268 | D:11     | Found the +8 autumn katana {manifold assault}
 12660 | D:12     | Found a radiant altar of Vehumet.
 12660 | D:12     | Noticed a boulder beetle
 12677 | D:12     | Killed a boulder beetle
 12886 | D:12     | Noticed a brown ugly thing
 12892 | D:12     | Killed a brown ugly thing
 12951 | D:12     | Reached XP level 12. HP: 106/106 MP: 12/12
 13081 | D:12     | Reached skill level 14 in Fighting
 13261 | D:12     | Found a staircase to the Orcish Mines.
 13850 | Lair:1   | Entered Level 1 of the Lair of Beasts
 14015 | Lair:1   | Noticed Maggie
 14022 | Lair:1   | Killed Maggie
 14199 | Lair:1   | Gained mutation: You cannot study or use magical devices.
                  | [Ru sacrifice]
 14199 | Lair:1   | Reached ***** piety under Ru
 14405 | Lair:1   | Got the Volume of Snowy Transformation
 14481 | Lair:1   | You fall into a shaft and drop 1 floor!
 14495 | Lair:2   | Reached skill level 15 in Fighting
 14862 | Lair:2   | Found a staircase to the Swamp.
 15024 | Lair:2   | Noticed a death yak
 15025 | Lair:2   | Noticed a death yak
 15026 | Lair:2   | Noticed a death yak
 16193 | Lair:3   | Noticed a four-headed hydra
 16202 | Lair:3   | Killed a four-headed hydra
 16203 | Lair:3   | Reached XP level 13. HP: 110/117 MP: 13/13
 16292 | Lair:3   | Noticed Urug
 16300 | Lair:3   | Killed Urug
 16488 | Lair:3   | Reached skill level 16 in Fighting
 16537 | Lair:3   | Noticed Kirke
 16559 | Lair:3   | Killed Kirke
 16571 | Lair:3   | Found a hole to the Spider Nest.
 16593 | Lair:3   | Reached skill level 15 in Maces & Flails
 16720 | Lair:3   | Noticed Amaemon
 16734 | Lair:3   | Gained mutation: Your magical capacity is low. (-10% MP)
                  | [Ru sacrifice]
 16734 | Lair:3   | Reached ****** piety under Ru
 16736 | Lair:3   | Killed Amaemon
 16989 | Lair:3   | You fall into a shaft and drop 2 floors!
 16989 | Lair:5   | Entered Level 5 of the Lair of Beasts
 17230 | Lair:5   | Noticed a seven-headed hydra
 17238 | Lair:5   | Killed a seven-headed hydra
 17353 | Lair:5   | Noticed a five-headed hydra
 17373 | Lair:5   | Killed a five-headed hydra
 17374 | Lair:5   | Reached skill level 17 in Fighting
 17626 | Lair:4   | Found a staircase to the Slime Pits.
 17726 | Lair:4   | Noticed an eight-headed hydra
 17740 | Lair:4   | Killed an eight-headed hydra
 18113 | Lair:3   | Reached skill level 5 in Armour
 18113 | Lair:3   | Reached XP level 14. HP: 124/128 MP: 12/12
 19861 | Lair:5   | Found a large runed translucent door.
 20297 | Lair:5   | Found a large runed translucent door.
 21120 | Lair:5   | Reached skill level 10 in Shields
 21631 | Orc:1    | Entered Level 1 of the Orcish Mines
 21957 | Orc:2    | Entered Level 2 of the Orcish Mines
 22174 | Orc:2    | Found Eqoones's Weapon Emporium.
 22817 | Orc:2    | Found a staircase to the Elven Halls.
 23919 | Orc:2    | HP: 1/128 [orc knight/+0 dire flail (26)]
 24146 | Orc:2    | Found Ebixas's Weapon Boutique.
 24146 | Orc:2    | Found Ugol Ezo's General Store.
 24148 | Orc:2    | Found Hinleodi's Jewellery Boutique.
 24148 | Orc:2    | Found Ruocki's Antique Weapon Shoppe.
 24309 | D:13     | Reached XP level 15. HP: 109/133 MP: 13/13
 24404 | D:13     | Reached skill level 10 in Armour
 25412 | D:13     | Found a gate to the Vaults.
 27482 | D:13     | Identified the +11 war axe "Moses" {freeze, Str+2}
 27832 | D:13     | Got Sif Muna's Spellbook of the Coward and Talus
 29143 | D:15     | Entered Level 15 of the Dungeon
 29174 | D:15     | Noticed Josephine
 29186 | D:15     | Killed Josephine
 30241 | D:15     | Found Dishutus's Antique Weapon Shop.
 30396 | D:15     | Reached skill level 15 in Shields
 30751 | D:15     | Reached XP level 16. HP: 99/141 MP: 14/14
 30872 | D:15     | Found a staircase to the Depths.
 31707 | D:10     | Killed Darkkill's ghost
 32113 | Spider:1 | Entered Level 1 of the Spider Nest
 32467 | Spider:1 | Found a frozen archway.
 32657 | IceCv    | Entered an ice cave
 37107 | IceCv    | Noticed an Ice Fiend
 37344 | IceCv    | Mangled by an Ice Fiend

Illustrated notes

Levels and vault maps discovered:
D:1:      minmay_arrival_three_doors, layout_rooms,
          ebering_ecumenical_altar_hall, hex_medium, minivault_23,
          minmay_lizard_king
D:2:      layout_loops_cross, chequers_serial_rivers_micro_d, uniq_sigmund,
          uniq_terence
D:3:      kennysheep_slugbush, layout_basic, lemuel_round_altar,
          mainiacjoe_overflow_small_starburst, ebering_ghost_rock_garden,
          minmay_gold_behind_fungi, minmay_goblin_kobold_house,
          uniq_crazy_yiuf_cottage
D:4:      layout_rooms, mainiacjoe_overflow_paths, portal_sewer_entry_c,
          serial_aquarium, aquarium_bridge_long_separate
          [aquarium_subvault_bridge, aquarium_subvault_bridge,
          aquarium_subvault_wall, aquarium_subvault_wall,
          aquarium_subvault_window, aquarium_subvault_bridge],
          aquarium_window_1, aquarium_window_1, aquarium_view_2g,
          aquarium_view_2b, aquarium_balcony_5b, st_stairs_8, minmay_ruptured
D:5:      layout_basic, mainiacjoe_overflow_large_starburst,
          nicolae_overflow_crystal_walls, minmay_temple_entry_sparse_star
D:6:      layout_basic, palyth_temple_overflow_mages, general_overflow_altar,
          serial_shops, shop
D:7:      layout_gridville, nicolae_hepliaklqana_monster_ancestors,
          nicolae_overflow_two_pavilions
D:8:      minmay_angry_zag, layout_loops_ring, lair_entry_dummy
D:9:      layout_long_grid, minmay_statue_crystal_thing
D:10:     layout_irregular_city, kennysheep_little_box,
          ebering_ghost_rock_garden, minmay_quadrilaterals
D:11:     layout_basic, kennysheep_generic_room_9, uniq_grum
D:12:     layout_roguey, david_orc_2, nicolae_vehumet_altar_sigil
D:13:     cheibrodos_tormentor_scu, layout_loops_ring, david_vaults_2,
          minmay_mirror_moons_of_madness
D:14:     layout_rooms, minmay_staircase_windowed_large, gauntlet_entry_generic
D:15:     grunt_enter_depths_hoard, layout_stronghold, serial_shops,
          nicolae_shop_waterfront, eino_house_with_fridge, uniq_josephine
Lair:1:   layout_cave_pods, uniq_maggie
Lair:2:   layout_roguey, skrybe_swamp_entry_bodies,
          chequers_serial_rivers_room_a
Lair:3:   lemuel_ratsnest, layout_small_grid, spider_nest_entry_a,
          nicolae_lair_grazing_beasts [nicolae_sub_lair_graze_edge,
          nicolae_sub_lair_graze_edge, nicolae_sub_lair_graze_edge,
          nicolae_sub_lair_graze_edge], lemuel_fruit_tree, serial_bayou_shore_b,
          uniq_urug, uniq_amaemon, uniq_kirke
Lair:4:   layout_long_grid, slime_entry_1
Lair:5:   cheibrodos_lair_end_hotspot, layout_gridlike,
          chequers_serial_rivers_room_b
Spider:1: layout_spider_delve, portal_ice_cave_entry_ice_statue_one,
          hellmonk_deceptive_appearances
Orc:1:    layout_caves
Orc:2:    grunt_orc_tribal_feast, layout_caves, serial_shops,
          nicolae_shop_bloodbath_and_beyond
IceCv:    ice_cave_caverns_02

Skill      XL: |  1  2  3  4  5  6  7  8  9 10 11 12 13 14 15 16 |
---------------+-------------------------------------------------+-----
Fighting       | 4 5 6 8 10 12 13 15 17 | 17.3
Armour         | 4 5 9 12 14 | 14.0
Maces & Flails | 3 5 6 8 10 12 14 15 | 15.8
Shields        | 5 6 11 15 16 | 16.4

Action                     |  1- 3 |  4- 6 |  7- 9 | 10-12 | 13-15 | 16-18 || total
---------------------------+-------+-------+-------+-------+-------+-------++-------
  Melee: Flail             |   111 |   153 |   226 |       |       |       ||   490
         Punch             |       |       |     5 |     4 |    14 |     8 ||    31
         Mace              |       |       |    95 |   393 |   990 |   302 ||  1780
 Invoke: Reject Sacrifices |       |     1 |       |       |       |       ||     1
         Sacrifice Nimblen |       |       |     1 |       |       |       ||     1
         Sacrifice Arcana  |       |       |       |     1 |       |       ||     1
         Sacrifice Love    |       |       |       |     1 |       |       ||     1
         Sacrifice Artific |       |       |       |     1 |       |       ||     1
         Sacrifice Essence |       |       |       |       |     1 |       ||     1
         Draw Out Power    |       |       |       |       |     1 |       ||     1
         Apocalypse        |       |       |       |       |     1 |       ||     1
Ability: Shaft Self        |       |       |       |       |     1 |       ||     1
         Dig               |       |       |       |       |     1 |       ||     1
    Use: Scroll            |       |     6 |     4 |     6 |     6 |     4 ||    26
         Potion            |       |     1 |       |       |       |     3 ||     4
   Stab: Distracted        |       |       |       |     4 |     4 |       ||     8
         Paralysed         |       |       |       |     3 |    11 |     5 ||    19
         Invisible         |       |       |       |     1 |    11 |       ||    12
 Armour: Scale mail        |    68 |    71 |   179 |    36 |       |       ||   354
         Plate armour      |       |       |       |    28 |       |       ||    28
         Chain mail        |       |       |       |    89 |   491 |   156 ||   736
  Dodge: Dodged            |    72 |    67 |   134 |   111 |   295 |    84 ||   763
  Block: Buckler           |    35 |    19 |       |       |       |       ||    54

Table legend: (Time is in decaauts)
 A = Elapsed time spent in this place.
 B = Non-inter-level travel time spent in this place.
 C = Inter-level travel time spent in this place.
 D = Time resting spent in this place.
 E = Time spent auto-exploring this place.
 F = Levels seen in this place.
 G = Mean time per level.
                   A        B        C        D        E       F      G
               +--------+--------+--------+--------+--------+-----+--------+
         Total |  37101 |  35404 |   1697 |  10548 |  18775 |  25 | 1484.0 |
       Dungeon |  20967 |  19823 |   1144 |   3596 |  12634 |  15 | 1397.8 |
          Lair |   8175 |   7665 |    510 |   1589 |   5002 |   5 | 1635.0 |
   Spider Nest |    212 |    212 |      0 |    171 |      0 |   1 |  212.0 |
  Orcish Mines |   2598 |   2556 |     42 |   1309 |    789 |   2 | 1299.0 |
         Sewer |    509 |    509 |      0 |      0 |    262 |   1 |  509.0 |
      Ice Cave |   4639 |   4639 |      0 |   3882 |     86 |   1 | 4639.0 |
               +--------+--------+--------+--------+--------+-----+--------+

Top non-repeatable levels by time:
   IceCv: 4639 daAuts
    D:13: 3092 daAuts
  Lair:5: 2965 daAuts
    D:15: 2000 daAuts
  Lair:3: 1832 daAuts
    D:10: 1811 daAuts
   Orc:2: 1802 daAuts
    D:12: 1644 daAuts
     D:3: 1600 daAuts
     D:7: 1519 daAuts
     D:5: 1420 daAuts
     D:9: 1383 daAuts
  Lair:2: 1345 daAuts
    D:14: 1180 daAuts
     D:8: 1078 daAuts
